 Dungeon Crawl Stone Soup version 0.29-a0-887-gcbe080d7e0 (webtiles) character file.

Game seed: 8147130688332325983

126 zeratav the Stinger (level 5, -8/31 HPs)
             Began as an Octopode Venom Mage on July 21, 2022.
             Killed by divine providence
             ... invoked by an orc priest
              (10 damage)
             ... on level 3 of the Dungeon.
             The game lasted 00:03:23 (2488 turns).

zeratav the Stinger (Octopode Venom Mage)           Turns: 2488, Time: 00:03:23

Health: -8/31      AC:  1    Str:  7    XL:     5   Next: 9%
Magic:  1/8        EV: 13    Int: 19    God:
Gold:   70         SH:  0    Dex: 13    Spells: 5/8 levels left

rFire   . . .      SeeInvis .   m - +1 dagger (vamp) {short}
rCold   . . .      Faith    .   (no shield)
rNeg    . . .      Spirit   .   (helmet restricted)
rPois   .          Reflect  .   k - amulet of the acrobat
rElec   .          Harm     .   (no ring)
rCorr   .          Rampage  .   (no ring)
Will    .....                   (no ring)
Stlth   ++++......              (no ring)
HPRegen 0.10/turn               (no ring)
MPRegen 0.11/turn               (no ring)
                                (no ring)
                                (no ring)

@: no status effects
A: almost no armour, amphibious, 8 rings, camouflage 1, gelatinous body 1,
(nimble swimmer 1), tentacles
a: no special abilities


You were on level 3 of the Dungeon.
You visited 1 branch of the dungeon, and saw 3 of its levels.

You collected 147 gold pieces.
You spent 77 gold pieces at shops.


Innate Abilities, Weirdness & Mutations

You cannot wear most types of armour.
You are amphibious.
You can wear up to eight rings at the same time.
Your skin changes colour to match your surroundings (Stealth+).
Your rubbery body absorbs attacks. (AC +1, EV +1)
((You are camouflaged when in or above water. (Stealth+)))
You have tentacles for arms and can constrict up to eight enemies at once.


   Skills:
 - Level 2.0 Dodging
 - Level 5.0 Stealth
 - Level 2.0 Spellcasting
 - Level 1.0 Transmutations
 + Level 5.7 Poison Magic


You had 5 spell levels left.
You knew the following spells:

 Your Spells              Type           Power      Damage    Failure   Level
a - Sting                 Tmut/Pois      56%        1d5       4%          1
b - Poisonous Vapours     Pois/Air       24%        N/A       8%          2

Your spell library contained the following spells:

 Spells                   Type           Power      Damage    Failure   Level
 Olgreb's Toxic Radiance  Pois           23%        N/A       16%         4
 Mephitic Cloud           Conj/Pois/Air  9%         N/A       22%         3

Inventory:

Hand Weapons
 m - a +1 vampiric dagger (weapon) {short}
   (You took it off a goblin on level 1 of the Dungeon)
Jewellery
 k - an amulet of the acrobat (around mantle)
   (You found it on level 1 of the Dungeon)
Scrolls
 b - a scroll of immolation {!r!r}
 c - a scroll of amnesia {unknown}
 f - 3 scrolls of teleportation {@r4}
 h - a scroll of enchant armour {unknown}
 i - a scroll of butterflies {unknown}
 j - a scroll of magic mapping {unknown}
 n - a scroll of vulnerability {unknown}
 o - 2 scrolls of enchant weapon {unknown}
 q - a scroll of silence {unknown}
 r - a scroll of noise {unknown}
Potions
 a - a potion of magic
 d - a potion of flight {unknown}
 e - a potion of ambrosia {unknown}
 g - a potion of lignification {unknown}
 l - a potion of might {unknown}
 p - 2 potions of haste {unknown}

Dungeon Overview and Level Annotations

Branches:
Dungeon (3/15) Zot: 15512

Altars:

Shops:
D:1 *

Annotations:
D:2 1 runed translucent door, Crazy Yiuf

.###g#######.##.####..##
##.#
####.........##.....#..# #.#
#....o.##########..#.####.##
...$####..## ##.........###
#### ##..# ###.##......##
####.### #.......#...
#......# ######....#..#
#......#######.......<...##
#......goo@....####....###
#......######### #....#
#......# #.)..# #......#
#....# ######## #....#
######


You could see an orc priest, an orc and a goblin.


Message History

HP[-1]
You take 1 damage, and now have 25/31 hp.
The bat hits you but does no damage. The bat attacks as you move away!
The bat completely misses you. x2
The bat completely misses you.
MP[+1]
The bat attacks as you move away! The bat completely misses you.
The bat misses you.
The orc priest mumbles some strange prayers to Beogh against you.
Beogh smites you!
* * * LOW HITPOINT WARNING * * *
HP[-15]
You take 15 damage, and now have 10/31 hp.
MASSIVE DAMAGE!! (PAUSE)
The bat attacks as you move away! The bat completely misses you.
The bat closely misses you. The bat attacks as you move away!
The bat misses you. The bat hits you.
* * * LOW HITPOINT WARNING * * *
The bat barely misses you.
HP[-1]
You take 1 damage, and now have 9/31 hp.
You hit the bat.
You feel better.
You kill the bat!
HP[+2]
You regained 2 hp, and now have 11/31 hp.
You closely miss the orc. Your grab misses the orc.
Your squeeze misses the orc. The orc hits you with a +0 club.
* * * LOW HITPOINT WARNING * * *
You hit the orc but do no damage. You grab the orc.
You squeeze the orc, but do no damage.
You constrict the orc, but do no damage.
The orc barely misses you.
You hit the orc but do no damage.
You constrict the orc, but do no damage.
The orc misses you.
You hit the orc but do no damage.
You constrict the orc, but do no damage.
The orc barely misses you.
MP[+1]
You hit the orc but do no damage. Your squeeze misses the orc.
You constrict the orc, but do no damage.
The orc hits you with a +0 club.
* * * LOW HITPOINT WARNING * * *
HP[-4]
You take 4 damage, and now have 7/31 hp.
You hit the orc but do no damage.
You constrict the orc, but do no damage.
The orc closely misses you.
You hit the orc but do no damage. You constrict the orc. The orc misses you.
You hit the orc but do no damage.
You constrict the orc, but do no damage.
The orc closely misses you.
Casting: Poisonous Vapours (safe; 8% risk of failure)
Confirm with . or Enter, or press ? or * to list all spells.
Aiming: Poisonous Vapours (safe; 8% risk of failure)
Press: ? - help, Dir - move target, f - orc priest
Aim: an orc priest, wielding a +0 dagger Poisonous vapours surround the orc priest!
The orc priest is poisoned.
You constrict the orc. The orc hits you with a +0 club.
* * * LOW HITPOINT WARNING * * *
HP[-2] MP[-2]
You take 2 damage, and now have 5/31 hp.
You lost 2 mp, and now have 2/8 mp.
Casting: Poisonous Vapours (safe; 8% risk of failure)
Confirm with . or Enter, or press ? or * to list all spells.
Aiming: Poisonous Vapours (safe; 8% risk of failure)
Press: ? - help, Dir - move target, f - goblin, p - orc priest
Aim: a goblin, wielding a +0 club You miscast Poisonous Vapours.
You are very lightly contaminated with residual magic.
Nothing appears to happen.
You constrict the orc, but do no damage.
The orc closely misses you.
MP[-2]
You lost 2 mp, and now have 0/8 mp.
The orc shouts!
You hit the orc but do no damage. You constrict the orc.
The orc priest looks braver for a moment.
The orc completely misses you.
HP[+1]
You completely miss the orc. You constrict the orc.
You kill the orc!
You hit the orc priest. You grab the orc priest. You constrict the orc priest.
The orc priest looks more healthy.
The orc priest hits you with a +0 dagger.
* * * LOW HITPOINT WARNING * * *
HP[-4] MP[+1]
You take 4 damage, and now have 2/31 hp.
You hit the orc priest but do no damage.
You constrict the orc priest. The orc priest closely misses you.
You hit the orc priest but do no damage.
Your squeeze misses the orc priest. You constrict the orc priest.
The orc priest barely misses you.
You release your grip on the orc priest.
Your magical contamination has completely faded away.
You hit the orc priest. Your grab misses the orc priest.
The orc priest invokes the aid of Beogh against you.
Beogh smites you!
You die...

Skill      XL: |  1  2  3  4 |
---------------+-------------+-----
Stealth        | 3 4 5 |  5.0
Poison Magic   | 4 5 |  5.7
Dodging        | |  2.0
Spellcasting   | |  2.0
Transmutations | |  1.0

Action                   |  1- 3 |  4- 6 || total
-------------------------+-------+-------++-------
Melee: Dagger            |    50 |    61 ||   111
       Tentacles         |     6 |    13 ||    19
       Unarmed           |     4 |       ||     4
       Constrict         |    10 |    12 ||    22
       Punch             |       |     2 ||     2
 Cast: Sting             |    20 |       ||    20
       Poisonous Vapours |       |     4 ||     4
  Use: Scroll            |     2 |       ||     2
       Potion            |     1 |       ||     1
 Stab: Sleeping          |    11 |     7 ||    18
       Distracted        |       |     1 ||     1
Armor: Skin              |     5 |     4 ||     9
Dodge: Dodged            |    42 |    61 ||   103

Levels and vault maps discovered:
D:1:      dpeg_arrival_shelter, layout_rooms, serial_shops,
          nicolae_shop_behind_doors, moated_statue, minmay_pentomino_w2
D:2:      layout_basic, solitary_fountain, minmay_stone_trees_small,
          chequers_serial_rivers_micro_b, uniq_robin, uniq_crazy_yiuf_cottage
D:3:      layout_rooms

Notes
Turn   | Place    | Note
-------+----------+-------------------------------------------
     0 | D:1      | zeratav the Octopode Venom Mage began the quest for the
                  | Orb.
     0 | D:1      | Reached XP level 1. HP: 11/11 MP: 3/3
     0 | D:1      | magus.rc [v1.9.6]
   297 | D:1      | Reached skill level 3 in Stealth
   334 | D:1      | Reached XP level 2. HP: 17/17 MP: 5/5
   344 | D:1      | Reached skill level 4 in Poison Magic
   662 | D:1      | Found Xytuur's General Store.
   665 | D:1      | Bought a potion of curing for 33 gold pieces
   665 | D:1      | Bought a scroll of identify for 22 gold pieces
   665 | D:1      | Bought a scroll of identify for 22 gold pieces
   922 | D:2      | Reached XP level 3. HP: 18/21 MP: 6/6
   925 | D:2      | HP: 3/21 [poisoned by an adder]
   925 | D:2      | HP: 1/21 [jackal (2)]
   926 | D:2      | Reached skill level 4 in Stealth
  1513 | D:2      | Reached XP level 4. HP: 27/27 MP: 7/7
  1724 | D:2      | Learned a level 2 spell: Poisonous Vapours
  1867 | D:2      | Identified the +2 helmet "Ickieg" {Str+3}
  1867 | D:2      | Noticed Robin
  1881 | D:2      | Killed Robin
  1882 | D:2      | Reached skill level 5 in Poison Magic
  2149 | D:2      | Found a runed translucent door.
  2150 | D:2      | Noticed Crazy Yiuf
  2174 | D:3      | Reached skill level 5 in Stealth
  2453 | D:3      | Reached XP level 5. HP: 31/31 MP: 1/8
  2476 | D:3      | HP: 7/31 [orc/+0 club (4)]
  2484 | D:3      | HP: 2/31 [orc priest/+0 dagger (4)]
  2488 | D:3      | Killed from afar by an orc priest

Vanquished Creatures
  An orc priest (D:3)
  Robin (D:2)
  2 adders (D:2)
  A worm (D:2)
  4 dart slugs
  An orc (D:3)
  8 bats
  3 endoplasms
  9 goblins
  8 hobgoblins
  2 jackals (D:2)
  A quokka (D:1)
  2 ball pythons (D:3)
  A frilled lizard (D:1)
  7 kobolds
  5 rats
56 creatures vanquished.

Table legend:
 A = Non-vault XP
 B = Vault XP
 C = Vault XP percentage of total XP
 D = Non-vault monster count
 E = Vault monster count
 F = Vault count percentage of total count
                 A         B        C        D         E       F
            +---------+---------+-------+---------+---------+-------
      Total |     153 |      27 |  15.0 |      48 |       8 |  14.3
            +---------+---------+-------+---------+---------+-------
        D:1 |      30 |       1 |   3.2 |      18 |       1 |   5.3
        D:2 |      61 |      26 |  29.9 |      18 |       7 |  28.0
        D:3 |      62 |       0 |   0.0 |      12 |       0 |   0.0
            +---------+---------+-------+---------+---------+-------

Illustrated notes

Table legend:
 A = Kills in this place as a percentage of kills in entire the game.
 B = Kills by you in this place as a percentage of kills by you in the entire game.
 C = Kills by friends in this place as a percentage of kills by friends in the entire game.
 D = Other kills in this place as a percentage of other kills in the entire game.
 E = Experience gained in this place as a percentage of experience gained in the entire game.
 F = Experience gained in this place divided by the number of levels of this place that you have seen.
                   A       B       C       D       E      F
               +-------+-------+-------+-------+-------+----------------------
         Total | 100.0 | 100.0 |   N/A |   N/A | 100.0 |  60.0
       Dungeon | 100.0 | 100.0 |   N/A |   N/A | 100.0 |  60.0
               +-------+-------+-------+-------+-------+----------------------

Table legend: (Time is in decaauts)
 A = Elapsed time spent in this place.
 B = Non-inter-level travel time spent in this place.
 C = Inter-level travel time spent in this place.
 D = Time resting spent in this place.
 E = Time spent auto-exploring this place.
 F = Levels seen in this place.
 G = Mean time per level.
                   A        B        C        D        E       F      G
               +--------+--------+--------+--------+--------+-----+--------+
         Total |   2486 |   2423 |     63 |    518 |   1505 |   3 |  828.7 |
       Dungeon |   2486 |   2423 |     63 |    518 |   1505 |   3 |  828.7 |
               +--------+--------+--------+--------+--------+-----+--------+

Top non-repeatable levels by time:
     D:2: 1257 daAuts
     D:1: 913 daAuts
     D:3: 315 daAuts
